[Event "NY Presidents Day Schiller-C 2024"]
[Site "New York"]
[Date "2024.02.20"]
[Round "9.8"]
[White "Lapshun, Yury"]
[Black "Tang, Benjamin"]
[Result "1/2-1/2"]
[ECO "E92"]
[WhiteElo "2337"]
[BlackElo "2167"]
[Annotator "TA"]
[PlyCount "95"]
[EventDate "2024.02.14"]
[EventType "schev"]
[EventCountry "USA"]
[SourceTitle "playchess.com"]
[Source "ChessBase"]
[SourceQuality "1"]
[TimeControl "5400+30"]

1. d4 Nf6 2. Nf3 g6 3. c4 Bg7 4. Nc3 d6 5. e4 O-O 6. Be2 e5 7. dxe5 dxe5 8. Qxd8 Rxd8 9. Nd5 Nxd5 10. cxd5 c6 11. Bc4 cxd5 12. Bxd5 Nd7 13. Bg5 Re8 14. Rc1 h6 $1 15. Be3 Nf6 16. O-O (16. Bb3 $15) 16... Nxd5 $17 {[%emt 0:03:24] Black is better.} 17. exd5 Rd8 18. Rc7 Rxd5 19. Rfc1 {[%emt 0:01:13] Against b6} Rd8 20. Nd2 b6 21. a4 Be6 22. b4 (22. h4 $17) 22... Rac8 23. a5 Rxc7 24. Rxc7 bxa5 25. bxa5 f5 {[%emt 0:01:43] [#] Threatens to win with ...f4.} 26. g3 g5 {[%emt 0:00:47] Strongly threatening ...f4.} 27. f4 (27. Rc6 $17 Bf7 28. f4) 27... exf4 28. gxf4 Bd4 {[%emt 0:10:22] This pair of bishops is nice.} 29. Kf2 {[%emt 0:06:07] [#]} Bxe3+ $1 (29... gxf4 30. Bxd4 Rxd4 31. Nb1 $15) 30. Kxe3 gxf4+ {[%emt 0:00:07][%mdl 4096] Endgame. KRB-KRN} 31. Ke2 a6 32. Nf3 Bd5 {[%emt 0:03:30] Dodges Rc6} 33. Nh4 Be4 34. Rc5 Rb8 {[%emt 0:00:43] ...Rb2+ is the strong threat.} 35. Nxf5 Rb2+ 36. Ke1 Rxh2 {[%emt 0:01:43] White must now prevent ...f3.} 37. Rc8+ (37. Re5 $17 {was called for.} Bb1 38. Ne7+ Kh8 39. Nc6) 37... Kh7 $19 38. Nd6 Bd3 39. Rc3 Be2 40. Nf5 (40. Rc7+ {was necessary.} Kg6 41. Ne4) 40... f3 41. Nd4 Rh5 $2 ({Weaker is} 41... Rh1+ 42. Kf2 $15) ({Black should play} 41... Bd1 $19 {...f2+ would now be deadly.} 42. Nxf3 (42. Kxd1 $2 {perishes.} Rh1+ 43. Kd2 f2 $19) 42... Bxf3 43. Rxf3 Rh5) 42. Rc7+ $11 {[%emt 0:07:45] The position is equal.} Kg8 43. Rc8+ Kf7 44. Rc7+ Kf8 45. Nxe2 fxe2 46. Rc6 $1 Rxa5 47. Rxh6 Ra2 {[%emt 0:00:04] Hoping for ...a5.} 48. Re6 {[%emt 0:00:16] And White is the lucky defender.   Weighted Error Value: White=0.17 (very precise) /Black=0.21 (precise) .  Missed win:     	---       	Black=1      Mistake:       	White=5     	---        OK:         	White=14    	Black=16     Best:        	White=5     	Black=5      Strong:       	White=1     	---} 1/2-1/2

[Event "NY Presidents Day Schiller-C 2024"]
[Site "New York"]
[Date "2024.02.19"]
[Round "9.9"]
[White "Campos Jimenez, Augusto Cesar"]
[Black "Meduri, Aakaash"]
[Result "1/2-1/2"]
[ECO "C41"]
[WhiteElo "2288"]
[BlackElo "1956"]
[Annotator "TA"]
[PlyCount "30"]
[EventDate "2024.02.14"]
[EventType "schev"]
[EventCountry "USA"]
[SourceTitle "playchess.com"]
[Source "ChessBase"]
[SourceQuality "1"]
[TimeControl "5400+30"]

1. e4 d6 2. d4 Nf6 3. Nc3 e5 4. Nf3 Nbd7 5. Bc4 Be7 6. O-O O-O 7. Re1 c6 8. a4 h6 9. Ba2 Re8 10. Nh4 ({Vorzuziehen ist} 10. h3 $14) 10... exd4 $15 11. Qxd4 {[%emt 0:00:15] Schwarz steht etwas besser.} Nc5 (11... d5 $5 12. exd5 Bc5 13. Rxe8+ Qxe8 $11) 12. Ng6 Be6 (12... d5 $1 $11 13. Nxe7+ Qxe7) 13. Bxe6 ({Besser ist} 13. Nxe7+ $14 Qxe7 14. b3) 13... Nxe6 $11 {[%emt 0:00:23] Die Stellung ist ausgeglichen.} 14. Nxe7+ Qxe7 15. Qe3 a5 {[%emt 0:00:58] Gewichteter Fehlerwert: Weiß=0.28 (präzise) /Schwarz=0.23 (präzise) .  Fehler:       	Weiß=2     	Schwarz=1     Ungenau:       	---       	Schwarz=1     OK:         	Weiß=1     	Schwarz=1     Bester:       	Weiß=1     	Schwarz=1} 1/2-1/2